 Dungeon Crawl Stone Soup version 0.24-a0-613-g1ff6aac338 (webtiles) character file.

Game seed: 1922582698201805200, levelgen mode: deterministic

7 Loge the Gusty (level 2, 15/15 HPs)
             Began as a Tengu Air Elementalist on Sept 12, 2019.
             Quit the game on level 1 of the Dungeon.
             The game lasted 00:01:43 (544 turns).

Loge the Gusty (Tengu Air Elementalist)              Turns: 544, Time: 00:01:43

Health: 15/15      AC:  2    Str:  8    XL:     2   Next: 4%
Magic:  0/6        EV: 13    Int: 15    God:
Gold:   35         SH:  0    Dex: 14    Spells: 4/5 levels left

rFire    . . .     SeeInvis .   (no weapon)
rCold    . . .     Gourm    .   (no shield)
rNeg     . . .     Faith    .   a - +0 robe
rPois    .         Spirit   .   (helmet restricted)
rElec    .         Reflect  .   (no cloak)
rCorr    .         Harm     .   (no gloves)
MR       .....                  (boots unavailable)
Stlth    ++........             (no amulet)
HPRegen  0.05/turn              (no ring)
MPRegen  0.10/turn              (no ring)

@: no status effects
A: beak, talons 3
a: no special abilities


You were on level 1 of the Dungeon.
You were not hungry.

You visited 1 branch of the dungeon, and saw 1 of its levels.

You collected 35 gold pieces.

Inventory:

Missiles
 b - 39 stones (quivered)
Armour
 a - a +0 robe (worn)
Scrolls
 d - a scroll of immolation {unknown}
 e - a scroll of enchant weapon {unknown}
 g - a scroll of remove curse {unknown}
Potions
 f - a potion of heal wounds {unknown}
Comestibles
 c - 3 rations
 h - 2 chunks of flesh


   Skills:
 + Level 2.3 Dodging
 + Level 2.1 Stealth
 + Level 2.1 Spellcasting
 + Level 1.7 Conjurations
 + Level 4.1 Air Magic


You had 4 spell levels left.
You knew the following spells:

 Your Spells              Type           Power        Failure   Level  Hunger
a - Shock                 Conj/Air       ##..         7%          1    #......

Your spell library contained the following spells:

 Spells                   Type           Power        Failure   Level  Hunger
 Swiftness                Chrm/Air       #.......     14%         2    ###....
 Static Discharge         Conj/Air       ##......     21%         3    ###....
 Airstrike                Air            ##........   36%         4    #####..
 Lightning Bolt           Conj/Air       ##........   88%         5    ######.


Dungeon Overview and Level Annotations

Branches:
Dungeon (1/15)

Altars:

Annotations:
D:1 exclusions: door and 4 jackals


Innate Abilities, Weirdness & Mutations

You have a beak for a mouth.
You have claws for feet.


Message History

Casting: Shock (safe; 7% risk of failure)
Confirm with . or Enter, or press ? or * to list all spells.
Aiming: Shock (safe; 7% risk of failure)
Press: ? - help, Shift-Dir - straight line, f/p - leopard gecko
Aim: a leopard gecko (almost dead, clinging)
The zap misses the leopard gecko.
The leopard gecko misses you.
Casting: Shock (safe; 7% risk of failure)
Confirm with . or Enter, or press ? or * to list all spells.
Aiming: Shock (safe; 7% risk of failure)
Press: ? - help, Shift-Dir - straight line, f/p - leopard gecko
Aim: a leopard gecko (almost dead, clinging)
The zap hits the leopard gecko.
You kill the leopard gecko!
You have reached level 2!
You see here a leopard gecko corpse.
You butcher the leopard gecko corpse.
h - 2 chunks of flesh You see here a leopard gecko skeleton.
Okay, then.
Are you sure you want to abandon this character and quit the game? (Confirm with "yes".)

###
.#############.###
.......@)........#
#####
.###############.#
..... #.#.#####
#.#......
#.######.
#......##
#..###... #..#
#### #...


There were no monsters in sight!

Vanquished Creatures
  A leopard gecko (D:1)
  A bat (D:1)
  2 hobgoblins (D:1)
  A kobold (D:1)
  A rat (D:1)
6 creatures vanquished.

Notes
Turn   | Place    | Note
-------+----------+-------------------------------------------
     0 | D:1      | Loge the Tengu Air Elementalist began the quest for the
                  | Orb.
     0 | D:1      | Reached XP level 1. HP: 10/10 MP: 4/4
   540 | D:1      | Reached XP level 2. HP: 15/15 MP: 0/6
   544 | D:1      | Quit the game

Levels and vault maps discovered:
D:1:      dpeg_arrival_lava_temple_mockup, layout_basic, roderic_serpentine_path

Action                   || total
-------------------------++-------
Melee: Unarmed           ||     3
       Kick              ||     1
 Cast: Shock             ||    14
Dodge: Dodged            ||     3

Table legend:
 A = Non-vault XP
 B = Vault XP
 C = Vault XP percentage of total XP
 D = Non-vault monster count
 E = Vault monster count
 F = Vault count percentage of total count
                 A         B        C        D         E       F
            +---------+---------+-------+---------+---------+-------
      Total |      11 |       0 |   0.0 |       6 |       0 |   0.0
            +---------+---------+-------+---------+---------+-------
        D:1 |      11 |       0 |   0.0 |       6 |       0 |   0.0
            +---------+---------+-------+---------+---------+-------
